 Dungeon Crawl Stone Soup version 0.26-a0-1147-g3780a7a11b (webtiles) character file.

Game seed: 5896500346826384481

108018 HoaS the Hoplite (level 16, -10/83 HPs)
             Began as a Gargoyle Fighter on Dec 22, 2020.
             Was the Champion of Makhleb.
             Killed by divine providence
             ... invoked by a meliai
              (16 damage)
             ... on level 14 of the Dungeon.
             The game lasted 01:08:51 (21639 turns).

HoaS the Hoplite (Gargoyle Fighter)                Turns: 21639, Time: 01:08:52

Health: -10/83     AC: 32    Str: 25    XL:     16   Next: 48%
Magic:  16/16      EV: 10    Int:  9    God:    Makhleb [******]
Gold:   1366       SH: 25    Dex: 20    Spells: 15/15 levels left

rFire    + . .     SeeInvis .   v - +0 morningstar (venom)
rCold    . . .     Faith    .   G - +0 tower shield
rNeg     + + .     Spirit   .   k - +2 plate armour {rF+}
rPois    ∞         Reflect  .   D - +2 hat {Will+}
rElec    +         Harm     .   b - +2 cloak
rCorr    +         Rampage  .   E - +0 pair of fencer's gloves {Riposte Dex+3}
Will     ++...                  I - +0 pair of boots "Mifeax" {Dex+6}
Stlth    ..........             (no amulet)
HPRegen  0.23/turn              N - ring of resist corrosion
MPRegen  0.15/turn              x - ring of positive energy

@: flying
A: big wings, negative energy resistance 1, electricity resistance, unbreathing,
petrification resistance, miasma immunity, AC +12
a: Stop Flying, Renounce Religion, Minor Destruction, Lesser Servant of Makhleb,
Major Destruction, Greater Servant of Makhleb


You were on level 14 of the Dungeon.
You worshipped Makhleb.
Makhleb was exalted by your worship.
You visited 4 branches of the dungeon, and saw 23 of its levels.

You collected 2122 gold pieces.
You spent 756 gold pieces at shops.

Inventory:

Hand Weapons
 v - a +0 morningstar of venom (weapon)
Armour
 b - a +2 cloak (worn)
 k - a +2 plate armour of fire resistance (worn)
 D - a +2 hat of willpower (worn)
 E - the +0 pair of fencer's gloves (worn) {Riposte Dex+3}
   (You acquired it on level 2 of the Lair of Beasts)

   It affects your dexterity (+3).
 G - a +0 tower shield (worn)
 I - the +0 pair of boots "Mifeax" (worn) {Dex+6}
   (You acquired it on level 3 of the Lair of Beasts)

   It affects your dexterity (+6).
Jewellery
 e - an uncursed ring of fire
 j - an uncursed ring of see invisible
 u - an uncursed ring of fire
 x - a ring of positive energy (right hand)
 N - a ring of resist corrosion (left hand)
Wands
 g - a wand of disintegration (15)
 w - a wand of digging (15)
 y - a wand of acid (31)
 F - a wand of iceblast (2)
 L - a wand of flame (21)
 M - a wand of random effects (11)
Scrolls
 c - 2 scrolls of enchant weapon
 d - 3 scrolls of fear
 p - 4 scrolls of fog
 q - 4 scrolls of teleportation
 r - 5 scrolls of remove curse
 s - 3 scrolls of blinking
 t - 4 scrolls of identify
 z - 4 scrolls of magic mapping
Potions
 a - a potion of attraction
 f - 5 potions of lignification
 h - 6 potions of curing
 i - 3 potions of resistance
 m - a potion of haste
 n - 2 potions of cancellation
 o - a potion of mutation
 B - 5 potions of berserk rage
 J - a potion of invisibility
Miscellaneous
 l - a phantom mirror
 A - a tin of tremorstones (2/2)
 C - a lightning rod (4/4) (quivered)
 K - a condenser vane


   Skills:
 - Level 3.2 Fighting
 - Level 16.0 Maces & Flails
 - Level 3.2 Armour
 - Level 5.6 Dodging
 + Level 21.9 Shields


You had 15 spell levels left.
You didn't know any spells.
Your spell library contained the following spells:

 Spells                   Type           Power        Failure   Level
 Beastly Appendage        Tmut           0%           100%        1
 Foxfire                  Conj/Fire      0%           100%        1
 Magic Dart               Conj           0%           100%        1
 Blink                    Tloc           N/A          100%        2
 Call Imp                 Summ           0%           100%        2
 Ensorcelled Hibernation  Hex/Ice        0%           100%        2
 Searing Ray              Conj           0%           100%        2
 Slow                     Hex            0%           100%        2
 Wereblood                Tmut           0%           100%        2
 Conjure Flame            Conj/Fire      0%           100%        3
 Dazzling Flash           Conj/Hex       0%           100%        3
 Inner Flame              Hex/Fire       0%           100%        3
 Mephitic Cloud           Conj/Pois/Air  0%           100%        3
 Spider Form              Tmut/Pois      0%           100%        3
 Fulminant Prism          Conj/Hex       0%           100%        4
 Ice Form                 Ice/Tmut       0%           100%        4
 Iskenderun's Mystic Bla  Conj/Tloc      0%           100%        4
 Leda's Liquefaction      Hex/Erth       0%           100%        4
 Sticky Flame             Conj/Fire      0%           100%        4
 Blade Hands              Tmut           0%           100%        5
 Bolt of Magma            Conj/Fire/Erth 0%           100%        5
 Borgnjor's Vile Clutch   Necr/Erth      0%           100%        5
 Fireball                 Conj/Fire      0%           100%        5
 Silence                  Hex/Air        0%           100%        5
 Iron Shot                Conj/Erth      0%           100%        6
 Shadow Creatures         Summ           N/A          100%        6
 Shatter                  Erth           0%           100%        9
 Statue Form              Tmut/Erth      Unusable     N/A         6

Dungeon Overview and Level Annotations

Branches:
Dungeon (14/15)            Temple (1/1) D:5            Lair (6/6) D:8
 Shoals (0/4) Lair:4        Snake (0/4) Lair:2        Slime (0/5) Lair:6
    Orc (2/2) D:10         Vaults (0/5) D:14
    Elf: Orc:2

Altars:
Ashenzari
Cheibriados
Dithmenos
Elyvilon
Fedhas
Gozag
Hepliaklqana
Kikubaaqudgha
Makhleb
Nemelex Xobeh
Okawaru
Qazlal
Ru
Sif Muna
Trog
Uskayaw
Vehumet
Wu Jian
Xom
Yredelemnul
Zin
The Shining One
Beogh

Shops:
D:10 [   D:12 (   Orc:2 :(

Annotations:
Orc:2 exclusion: 2 doors, Saint Roka


Innate Abilities, Weirdness & Mutations

You are resistant to torment.
Your stone body is resilient. (AC +12)
You are immune to poison.
Your large and strong wings let you fly indefinitely.
You resist negative energy. (rN+)
You are resistant to electric shocks. (rElec)
You can survive without breathing.
You are immune to petrification.
You are immune to miasma.


Message History

The meliai is heavily wounded.
The meliai closely misses you.
You riposte.
You hit the meliai.
The meliai looks as sick as possible!
The meliai is almost dead.
You block the meliai's attack.
You completely miss the meliai.
The meliai is almost dead.
The meliai calls down the wrath of its god upon you.
Something smites you! You block the meliai's attack. x2
You puncture the meliai!
You kill the meliai!
Makhleb accepts your kill.
The meliai invokes the aid of its god against you.
Something smites you!
* * * LOW HITPOINT WARNING * * *
You block the meliai's attack.
The meliai stings you but does no damage.
The meliai invokes the aid of its god against you.
Something smites you!
You die...

##########.#........#.#
.......††..#.###......#
.......#####.# #.######
.......'...#.# #.#
.......###.#.# #.#
.......# #.# #.#
.......# #.# #.#
.......# #.# #.#
.......# #.# #@#
##..#### #.# #y# ###.#
#.# #C# .... #.# #.#
###. #.# ..# .)# #.#
### .†#. #.#
#.#.######.#
#[#......#.######


You could see a cyclops and a meliai.

Vanquished Creatures
  Gastronok (Lair:1)
  An orc warlord (D:10)
  An ettin (Orc:2)
  The ghost of Haatiane the Fighter, a journeyman GrFi of Okawaru (D:13)
  6 hydras
  5 boulder beetles
  2 centaur warriors
  An ice dragon (D:14)
  5 two-headed ogres
  A dancing weapon (D:13)
  3 tengu warriors
  3 death yaks
  2 orc high priests (Orc:2)
  Nergalle (Lair:1)
  An unseen horror (D:13)
  A wizard (D:14)
  3 orc knights (Orc:2)
  Pikel (D:4)
  A lindwurm (Lair:6)
  A phantasmal warrior (D:14)
  3 orc sorcerers
  An oklob plant (Lair:4)
  An ugly thing (D:11)
  A manticore (D:14)
  A deep elf mage (D:14)
  3 cyclopes
  4 black mambas
  27 elephants
  A gargoyle (D:10)
  16 cane toads
  4 rime drakes
  14 komodo dragons
  2 tengu conjurers
  6 polar bears
  8 trolls
  2 meliai (D:14)
  12 slime creatures
  12 dream sheep
  5 hornets
  4 wraiths
  40 yaks
  14 spriggans (Lair:6)
  3 wyverns
  A vampire (D:13)
  11 vampire mosquitoes
  A steam dragon (D:10)
  2 basilisks
  4 wargs
  2 nagas (Lair:2)
  2 insubstantial wisps (D:10)
  12 water moccasins
  31 orc warriors
  3 ice beasts
  9 sky beasts
  3 black bears
  2 eyes of draining
  15 ogres
  2 phantoms
  16 wolves
  16 centaurs
  5 boggarts (Lair:6)
  3 lemures
  5 big kobolds
  27 bullfrogs
  A gnoll sergeant (D:12)
  4 scorpions
  4 killer bees (D:11)
  17 wights
  2 howler monkeys
  An electric eel (Lair:5)
  A wyvern simulacrum (D:14)
  2 quasits
  4 bullfrog zombies
  7 hounds
  30 orc priests
  4 jellies
  19 orc wizards
  Jessica (D:2)
  2 bullfrog skeletons
  2 centaur skeletons
  4 iguanas
  9 worker ants
  A killer bee zombie (D:7)
  A hound zombie (D:9)
  3 hound skeletons
  A worker ant zombie (D:11)
  13 gnolls
  18 adders
  2 shadow imps (D:7)
  3 white imps
  An ufetubus (D:8)
  2 oozes (D:2)
  2 adder skeletons (D:6)
  2 worms
  2 dart slugs (D:1)
  5 leopard geckos
  116 orcs
  2 giant cockroaches
  7 goblins
  13 hobgoblins
  15 jackals
  26 kobolds
  8 quokkas
  3 ball pythons
  7 bats
  3 frilled lizards
  A giant cockroach zombie (D:6)
  A leopard gecko zombie (D:8)
  A quokka skeleton (D:5)
  A quokka zombie (D:10)
  4 rats
775 creatures vanquished.

Vanquished Creatures (others)
  An orc wizard (D:5)
  2 bushes
  30 fungi
  43 plants
76 creatures vanquished.

Grand Total: 851 creatures vanquished

Notes
Turn   | Place    | Note
-------+----------+-------------------------------------------
     0 | D:1      | HoaS the Gargoyle Fighter began the quest for the Orb.
     0 | D:1      | Reached XP level 1. HP: 14/14 MP: 1/1
   103 | D:1      | Reached XP level 2. HP: 15/19 MP: 2/2
   428 | D:1      | Reached XP level 3. HP: 23/23 MP: 3/3
   843 | D:2      | Noticed Jessica
   855 | D:2      | Killed Jessica
   856 | D:2      | Reached skill level 4 in Shields
   856 | D:2      | Reached XP level 4. HP: 28/28 MP: 4/4
  1319 | D:2      | Found a sparkling altar of Nemelex Xobeh.
  2021 | D:4      | Found an ornate altar of the Wu Jian Council.
  2035 | D:4      | Reached XP level 5. HP: 32/32 MP: 5/5
  2043 | D:4      | Noticed a lemure
  2043 | D:4      | Noticed a lemure
  2132 | D:4      | Noticed a lemure
  2132 | D:4      | Noticed a lemure
  2171 | D:3      | Killed a lemure
  2225 | D:4      | Killed a lemure
  2449 | D:4      | Noticed Pikel
  2464 | D:4      | Killed a lemure
  2470 | D:4      | Reached skill level 5 in Maces & Flails
  2483 | D:4      | Killed Pikel
  2484 | D:4      | Reached skill level 6 in Shields
  2484 | D:4      | Reached XP level 6. HP: 25/37 MP: 6/6
  2484 | D:4      | Reached XP level 7. HP: 28/41 MP: 7/7
  2592 | D:4      | Reached XP level 8. HP: 46/46 MP: 8/8
  3056 | D:5      | Entered Level 5 of the Dungeon
  3114 | D:5      | Found a basalt altar of Yredelemnul.
  3257 | D:5      | Reached skill level 7 in Shields
  3371 | D:5      | Found a blossoming altar of Fedhas.
  3405 | D:5      | You fall into a shaft and drop 2 floors!
  3521 | D:6      | Found an opulent altar of Gozag.
  3542 | D:6      | Found a sparkling altar of Nemelex Xobeh.
  3672 | D:6      | Reached XP level 9. HP: 51/51 MP: 9/9
  3756 | D:5      | Found a staircase to the Ecumenical Temple.
  3972 | D:5      | Reached skill level 8 in Shields
  4410 | D:6      | Reached skill level 10 in Maces & Flails
  5104 | D:7      | Found a snail-covered altar of Cheibriados.
  5341 | D:7      | Reached skill level 9 in Shields
  5975 | Temple   | Entered the Ecumenical Temple
  6151 | Temple   | Became a worshipper of Makhleb the Destroyer
  6259 | D:7      | Reached XP level 10. HP: 56/56 MP: 10/10
  6442 | D:8      | Found a shimmering altar of Xom.
  6452 | D:8      | Reached * piety under Makhleb
  6608 | D:8      | Found a staircase to the Lair.
  6710 | D:8      | Reached skill level 10 in Shields
  6790 | D:8      | Found a sacrificial altar of Ru.
  7144 | D:9      | Noticed a cyclops
  7152 | D:9      | Killed a cyclops
  7172 | D:9      | Reached ** piety under Makhleb
  7821 | D:10     | Entered Level 10 of the Dungeon
  7908 | D:10     | Reached XP level 11. HP: 60/60 MP: 11/11
  7963 | D:10     | Found a shimmering altar of Xom.
  8138 | D:10     | Found Fuladugg's Armour Shop.
  8144 | D:10     | Found a staircase to the Orcish Mines.
  8163 | D:10     | Reached skill level 11 in Shields
  8197 | D:10     | Bought a +0 tower shield for 76 gold pieces
  8204 | D:10     | Noticed a centaur warrior
  8218 | D:10     | Killed a centaur warrior
  8297 | D:10     | Noticed a two-headed ogre
  8344 | D:10     | Killed a two-headed ogre
  8344 | D:10     | Reached *** piety under Makhleb
  8432 | D:10     | Noticed a two-headed ogre
  8439 | D:10     | Killed a two-headed ogre
  8823 | Lair:1   | Entered Level 1 of the Lair of Beasts
  8823 | Lair:1   | Noticed Nergalle
  8830 | Lair:1   | Killed Nergalle
  9157 | Lair:1   | Reached skill level 12 in Shields
  9411 | Lair:1   | Noticed a six-headed hydra
  9419 | Lair:1   | Killed a six-headed hydra
  9420 | Lair:1   | Reached XP level 12. HP: 57/64 MP: 12/12
  9637 | Lair:1   | Noticed Gastronok
  9650 | Lair:1   | Killed Gastronok
  9651 | Lair:1   | Reached skill level 15 in Maces & Flails
 10264 | D:10     | Bought a +2 plate armour of fire resistance for 680 gold
                  | pieces
 10570 | Lair:2   | Found a staircase to the Snake Pit.
 10764 | Lair:2   | Reached **** piety under Makhleb
 10833 | Lair:2   | Reached skill level 13 in Shields
 10847 | Lair:2   | Identified a scroll of acquirement
 10847 | Lair:2   | Acquired the +0 pair of fencer's gloves {Riposte Dex+3}
 10848 | Lair:2   | Found the +0 pair of fencer's gloves {Riposte Dex+3}
 11262 | Lair:2   | HP: 1/64 [black mamba (8)]
 11292 | Lair:2   | Reached skill level 14 in Shields
 11354 | Lair:3   | Reached XP level 13. HP: 68/68 MP: 13/13
 12173 | Lair:3   | Acquired the +0 pair of boots "Mifeax" {Dex+6}
 12715 | Lair:4   | Reached skill level 15 in Shields
 12900 | Lair:4   | Reached ***** piety under Makhleb
 13131 | Lair:4   | Found a staircase to the Shoals.
 13643 | Lair:5   | Reached skill level 16 in Shields
 14037 | Lair:5   | Reached skill level 5 in Dodging
 14037 | Lair:5   | Gained mutation: Your large and strong wings let you fly
                  | indefinitely. [Gargoyle growth]
 14037 | Lair:5   | Reached XP level 14. HP: 74/74 MP: 14/14
 14267 | Lair:5   | Reached skill level 17 in Shields
 14594 | Lair:6   | Entered Level 6 of the Lair of Beasts
 14840 | Lair:6   | Reached XP level 15. HP: 59/78 MP: 15/15
 14871 | Lair:6   | Found a staircase to the Slime Pits.
 15058 | Lair:6   | Reached skill level 18 in Shields
 15683 | Lair:6   | Reached skill level 19 in Shields
 16988 | D:12     | Reached ****** piety under Makhleb
 17585 | D:12     | Found Ybrivuoggu's Weapon Boutique.
 17650 | Orc:1    | Entered Level 1 of the Orcish Mines
 17673 | Orc:1    | Noticed an orc warlord
 17700 | D:10     | Killed an orc warlord
 17701 | D:10     | Reached skill level 20 in Shields
 17715 | D:10     | Paralysed by an orc sorcerer for 6 turns
 17794 | Orc:1    | Found a roughly hewn altar of Beogh.
 17943 | Orc:2    | Entered Level 2 of the Orcish Mines
 18751 | Orc:2    | Noticed Saint Roka
 19181 | Orc:2    | Found Nufar's Weapon Shoppe.
 19213 | Orc:2    | Found Cibaguxt's Book Emporium.
 19225 | Orc:2    | Reached XP level 16. HP: 83/83 MP: 16/16
 19265 | Orc:2    | Found a roughly hewn altar of Beogh.
 19914 | D:13     | Found a runed translucent door.
 19914 | D:13     | Found a shimmering altar of Xom.
 19914 | D:13     | Noticed Haatiane's ghost (journeyman GrFi)
 19960 | D:13     | Reached skill level 21 in Shields
 20842 | D:13     | Killed Haatiane's ghost
 21493 | D:14     | Found a gate to the Vaults.
 21639 | D:14     | Killed from afar by a meliai

Illustrated notes

Levels and vault maps discovered:
D:1:      shiori_arrival_elements, layout_loops_ring
D:2:      layout_basic, st_stairs_6, nemelex_lonely_heart_becter, uniq_jessica
D:3:      layout_rooms
D:4:      layout_basic, kennysheep_little_box, serial_glass, glass_columns_c,
          glass_columns_a, uniq_pikel
D:5:      layout_cave_pools, yredelemnul_altar_generic, temple_fountains,
          serial_co_window_serial, co_window_paths_b, co_window_paths_a,
          co_window_paths_a, co_window_corner_a, co_window_corner_a,
          co_window_2corner, co_window_broadway_c, co_window_cross_2,
          glass_columns_b, glass_columns_a, glass_columns_a, minmay_holes,
          st_stairs_8, fedhas_altar_3
D:6:      cheibrodos_thug_alley, layout_rooms, basic_altar,
          nemelex_xobeh_ov_fountains_minmay
D:7:      layout_loops_ring, nicolae_overflow_hidden_temple
D:8:      layout_rooms, kennysheep_mini, dpeg_oklobed_lair, minmay_ruined_shrine
D:9:      minmay_bloctagon_deflated, layout_rooms
D:10:     layout_irregular_city, orc_david_3, basic_altar, hangedman_misty_isle
D:11:     layout_cave_pools
D:12:     layout_loops_ring, serial_glass, glass_columns_a, glass_columns_a,
          glass_columns_a, glass_columns_a, serial_shops, shop_fountains
D:13:     layout_basic, ebering_ghost_xom
D:14:     layout_basic, david_vaults_4, hangedman_abyss_or_decor_stagger,
          chequers_serial_rivers_micro_c
Temple:   eino_temple_scatter_basement
Lair:1:   layout_small_grid, uniq_nergalle, uniq_gastronok
Lair:2:   layout_loops_ring, guppyfry_snake_entry_garden, lemuel_fruit_tree
Lair:3:   layout_cave_pods
Lair:4:   layout_cave_pods, minmay_shoals_entry_centaurs
Lair:5:   layout_misc_corridors, serial_bayou_shore_a,
          infiniplex_staircase_pool_2, grunt_megastairs_2
Lair:6:   minmay_lair_end_enchanted_forest, layout_cave_pods,
          minmay_slime_entry_pillars
Orc:1:    layout_diamond_mine, basic_altar
Orc:2:    pubby_orc_utopia

Skill      XL: |  1  2  3  4  5  6  7  8  9 10 11 12 13 14 15 16 |
---------------+-------------------------------------------------+-----
Maces & Flails | 3 4 6 7 9 11 13 14 16 | 16.0
Shields        | 4 6 7 9 10 12 14 16 17 20 21 | 21.9
Dodging        | 5 |  5.6
Fighting       | |  3.2
Armour         | |  3.2

Action                   |  1- 3 |  4- 6 |  7- 9 | 10-12 | 13-15 | 16-18 || total
-------------------------+-------+-------+-------+-------+-------+-------++-------
Melee: Flail             |   114 |   151 |       |       |       |       ||   265
       Whip              |       |       |   500 |       |       |       ||   500
       Morningstar       |       |       |    55 |  1008 |  1892 |   589 ||  3544
 Abil: Fly               |       |       |       |       |     1 |       ||     1
Evoke: Wand              |       |       |       |    11 |     1 |       ||    12
       Lightning rod     |       |       |       |     4 |       |       ||     4
  Use: Scroll            |     3 |     7 |     7 |     7 |    11 |     3 ||    38
       Potion            |       |     1 |     1 |     8 |     5 |     1 ||    16
Armor: Scale mail        |    49 |    44 |    74 |       |       |       ||   167
       Chain mail        |       |    47 |    17 |       |       |       ||    64
       Plate armour      |       |       |    67 |   298 |   686 |   155 ||  1206
       Acid dragon scale |       |       |       |   114 |       |       ||   114
Dodge: Dodged            |    26 |    32 |    87 |   204 |   276 |    71 ||   696
Block: Kite shield       |    62 |    74 |   183 |   544 |   263 |       ||  1126
       Tower shield      |       |       |       |       |  1526 |   518 ||  2044
       Rpst.: Morningstar |       |       |       |     9 |    51 |    20 ||    80

Table legend: (Time is in decaauts)
 A = Elapsed time spent in this place.
 B = Non-inter-level travel time spent in this place.
 C = Inter-level travel time spent in this place.
 D = Time resting spent in this place.
 E = Time spent auto-exploring this place.
 F = Levels seen in this place.
 G = Mean time per level.
                   A        B        C        D        E       F      G
               +--------+--------+--------+--------+--------+-----+--------+
         Total |  20760 |  18844 |   1916 |   2134 |  10481 |  23 |  902.6 |
       Dungeon |  11516 |  10248 |   1268 |    823 |   6021 |  14 |  822.6 |
        Temple |    189 |    162 |     27 |      0 |    160 |   1 |  189.0 |
          Lair |   7145 |   6555 |    590 |    977 |   3591 |   6 | 1190.8 |
  Orcish Mines |   1908 |   1879 |     29 |    334 |    708 |   2 |  954.0 |
               +--------+--------+--------+--------+--------+-----+--------+

Top non-repeatable levels by time:
  Lair:1: 1582 daAuts
   Orc:2: 1457 daAuts
  Lair:6: 1374 daAuts
  Lair:4: 1288 daAuts
  Lair:3: 1254 daAuts
     D:7: 1175 daAuts
    D:10: 1172 daAuts
     D:4: 1112 daAuts
     D:5: 882 daAuts
  Lair:2: 879 daAuts
     D:2: 873 daAuts
     D:8: 871 daAuts
     D:9: 847 daAuts
  Lair:5: 765 daAuts
     D:1: 715 daAuts
